 Dungeon Crawl Stone Soup version 0.18.1-48-g4cf74bf (webtiles) character file.

105 WarriorsX the Slasher (level 5, -12/61 HPs)
             Began as a Human Fighter on July 27, 2016.
             Mangled by an orc warrior
             ... wielding a +0 glaive
              (21 damage)
             ... on level 3 of the Dungeon.
             The game lasted 00:04:07 (1281 turns).

WarriorsX the Slasher (Human Fighter)               Turns: 1281, Time: 00:04:08

Health: -12/61     AC: 10    Str: 23    XL:     5   Next: 9%
Magic:  5/5        EV:  7    Int:  8    God:
Gold:   98         SH:  9    Dex: 12    Spells: 0 memorised, 4 levels left

rFire  . . .     SeeInvis .     a - +0 long sword
rCold  . . .     Gourm    .     b - +0 scale mail
rNeg   . . .     Faith    .     n - +0 shield
rPois  .         Spirit   .     (no helmet)
rElec  .         Dismiss  .     (no cloak)
rCorr  .         Reflect  .     z - +2 pair of gloves
SustAt +         Harm     .     (no boots)
MR     .....                    l - amulet of rage
Stlth  ..........               (no ring)
                                s - ring of sustain attributes

@: berserking, very quick, not resistant to hostile enchantments, extremely
unstealthy
A: no striking features
a: Evoke Berserk Rage


You were on level 3 of the Dungeon.
You were hungry.

You visited 1 branch of the dungeon, and saw 3 of its levels.

You collected 98 gold pieces.

Inventory:

Hand Weapons
 a - a +0 long sword (weapon)
Armour
 b - a +0 scale mail (worn)
 n - a +0 shield (worn)
 z - a +2 pair of gloves (worn)
Jewellery
 l - an amulet of rage (around neck)
 s - a ring of sustain attributes (left hand)
Scrolls
 c - a scroll of blinking {unknown}
 h - a scroll of fear {unknown}
 i - 3 scrolls of teleportation {unknown}
 k - 2 scrolls of immolation {unknown}
 m - a scroll of recharging {unknown}
 p - a scroll of amnesia {unknown}
 y - a scroll of identify {unknown}
Potions
 d - a potion of might
 e - 4 potions of curing {unknown}
 g - a potion of beneficial mutation {unknown}
 t - a potion of haste {unknown}
 u - a potion of magic {unknown}
 w - a potion of cancellation {unknown}
Comestibles
 f - a bread ration
 j - 3 meat rations
 o - a slice of pizza
 r - 4 fruits
 x - 2 chunks of flesh


   Skills:
 - Level 3.0 Fighting
 - Level 4.0 Long Blades
 + Level 4.0 Armour
 + Level 0.4 Stealth
 - Level 3.0 Shields


You had 4 spell levels left.
You didn't know any spells.

Dungeon Overview and Level Annotations

Branches:
Dungeon (3/15)

Altars:


Message History

The orc wizard hits you but does no damage.
You hit the orc wizard.
The orc wizard is almost dead.
The orc warrior hits you from afar with a glaive!
* * * LOW HITPOINT WARNING * * *
The orc wizard hits you but does no damage.
You hit the orc wizard.
You kill the orc wizard!
Your Armour skill increases to level 4!
You have reached level 5!
The orc wizard hits you but does no damage.
The orc warrior barely misses you.
You fail to use your ability.
You block the orc wizard's attack. You block the orc warrior's attack.
The orc wizard hits you but does no damage.
A red film seems to cover your vision as you go berserk!
You feel yourself moving faster!
You feel mighty!
The orc wizard hits you but does no damage.
The orc warrior hits you from afar with a glaive!!
You die...

####..#.###..##
#.....#.# ##.##
#...#.#.####..##
#...#.#.##.....#
#...#.#.##.###.##
#..........# #..#
#...#...#### ##.#
#...##..# #.#
#...##..# #@# #..
#..# #o# #. ....
#o. ## #....#
##.# #....# ..
..# ..# ..#


You could see an orc warrior and an orc wizard.

Vanquished Creatures
  An orc wizard (D:3)
  A gnoll (D:1)
  2 adders (D:3)
  An ooze (D:1)
  2 giant geckos (D:2)
  2 orcs (D:3)
  4 ball pythons
  5 giant cockroaches
  3 goblins (D:1)
  A hobgoblin (D:1)
  3 jackals (D:1)
  A quokka (D:2)
  3 bats
  2 giant newts
  6 kobolds
  2 rats
39 creatures vanquished.

Notes
Turn   | Place    | Note
--------------------------------------------------------------
     0 | D:1      | WarriorsX the Human Fighter began the quest for the Orb.
     0 | D:1      | Reached XP level 1. HP: 18/18 MP: 1/1
    89 | D:1      | Reached XP level 2. HP: 22/24 MP: 2/2
   372 | D:1      | Reached XP level 3. HP: 28/29 MP: 3/3
   896 | D:2      | Reached XP level 4. HP: 33/35 MP: 4/4
  1271 | D:3      | Noticed an orc warrior
  1279 | D:3      | Reached XP level 5. HP: 5/41 MP: 5/5
  1281 | D:3      | Mangled by an orc warrior

Skill      XL: |  1  2  3  4 |
---------------+-------------+-----
Long Blades    | 3 4 |  4.0
Armour         | 4 |  4.0
Fighting       | |  3.0
Stealth        | |  0.4
Shields        | |  3.0

Action                   |  1- 3 |  4- 6 || total
-------------------------+-------+-------++-------
Melee: Long sword        |   119 |    38 ||   157
 Abil: Evoke Berserk Rag |       |     1 ||     1
  Eat: Chunk             |       |     1 ||     1
Armor: Scale mail        |    58 |    17 ||    75
Dodge: Dodged            |    55 |    13 ||    68
Block: Shield            |    25 |    22 ||    47
